 Dungeon Crawl Stone Soup version 0.26.0-15-gc6cd9f7 (webtiles) character file.

Game seed: 405149179175136384

17511 garbled the Nimble (level 12, -2/73 HPs)
             Began as a Vampire Earth Elementalist on Jan 22, 2021.
             Was a High Priest of Vehumet.
             Slain by an alligator simulacrum (4 damage)
             ... in an ice cave.
             The game lasted 01:02:35 (16492 turns).

garbled the Nimble (Vampire Earth Elementalist)    Turns: 16492, Time: 01:02:36

Health: -2/73      AC: 14    Str: 11    XL:     12   Next: 19%
Magic:  14/24      EV: 19    Int: 21    God:    Vehumet [*****.]
Gold:   587        SH:  0    Dex: 15    Spells: 3/28 levels left

rFire    + . .     SeeInvis +   t - +3 dagger (venom)
rCold    + + .     Faith    .   (no shield)
rNeg     + + +     Spirit   .   I - +0 steam dragon scales
rPois    ∞         Reflect  .   r - +1 helmet
rElec    .         Harm     .   j - +1 cloak
rCorr    .         Rampage  .   d - +2 pair of gloves {Str+3}
Will     +....                  M - +1 pair of boots
Stlth    ++++++....             l - amulet of regeneration
HPRegen  0.00/turn              w - ring of stealth
MPRegen  0.19/turn              G - ring of protection from fire

@: bloodless
A: fangs 3, see invisible, unbreathing
a: Bat Form, Revivify, Renounce Religion


You were in an ice cave.
You worshipped Vehumet.
Vehumet was extremely pleased with you.
You visited 2 branches of the dungeon, and saw 12 of its levels.
You also visited: Bailey and Ice Cave.

You collected 767 gold pieces.
You spent 180 gold pieces at shops.

Inventory:

Hand Weapons
 t - a +3 dagger of venom (weapon)
 x - a +1 scimitar of flaming
 F - a +0 rapier
 R - the +7 trident "Qufih" {vorpal, rElec Str+3}
   (You found it on level 8 of the Dungeon)

   It inflicts extra damage upon your enemies.
   It affects your strength (+3).
   It insulates you from electricity.
Missiles
 b - 461 stones
 v - 3 curare-tipped darts
Armour
 c - the cursed +1 ice dragon scales of the Weaver {rF- rC++ rN++ Dex+5}
   (You took it off an orc warrior in a bailey)

   It affects your dexterity (+5).
   It makes you vulnerable to fire.
   It greatly protects you from cold.
   It greatly protects you from negative energy.
   It has a curse placed upon it.
 d - a +2 pair of gloves of strength (worn)
 j - a +1 cloak (worn)
 p - a +0 kite shield
 r - a +1 helmet (worn)
 A - a scarf of repulsion
 I - +0 steam dragon scales (worn)
 M - a +1 pair of boots (worn)
Magical Staves
 S - an uncursed staff of poison
Jewellery
 e - an uncursed ring of poison resistance
 l - an amulet of regeneration (around neck)
 w - a ring of stealth (left hand)
 y - an uncursed amulet of the acrobat
 B - an uncursed ring of protection from fire
 G - a ring of protection from fire (right hand)
 Q - an uncursed amulet of reflection
Wands
 z - a wand of digging (5)
 D - a wand of random effects (57)
 K - a wand of paralysis (18)
 O - a wand of iceblast (19)
Scrolls
 a - 5 scrolls of teleportation
 g - 9 scrolls of remove curse
 n - 2 scrolls of noise
 C - a scroll of amnesia
 N - 5 scrolls of enchant armour
 P - a scroll of immolation
 T - 4 scrolls of identify
 U - a scroll of magic mapping
Potions
 f - 5 potions of magic
 h - a potion of flight
 i - 7 potions of curing
 k - a potion of mutation {unknown}
 m - 3 potions of might
 o - 4 potions of heal wounds {unknown}
 q - a potion of brilliance {unknown}
 s - a potion of berserk rage {unknown}
 u - 2 potions of attraction {unknown}
 E - 2 potions of lignification {unknown}
 H - a potion of haste {unknown}
 J - a potion of resistance {unknown}
 L - a potion of ambrosia {unknown}


   Skills:
 + Level 7.8 Fighting
 - Level 1.6 Short Blades
 + Level 9.6 Dodging
 - Level 4.2 Stealth
 + Level 8.6 Spellcasting
 * Level 3.5 Conjurations
 - Level 6.0 Summonings
 - Level 1.1 Transmutations
 - Level 6.0 Air Magic
 - Level 9.4 Earth Magic


You had 3 spell levels left.
You knew the following spells:

 Your Spells              Type           Power        Failure   Level
a - Sandblast             Erth           96%          1%          1
b - Passwall              Tmut/Erth      25%          1%          2
c - Magic Dart            Conj           92%          1%          1
d - Stone Arrow           Conj/Erth      72%          1%          3
e - Summon Lightning Spi  Summ/Air       34%          6%          4
f - Frozen Ramparts       Ice            18%          6%          3
g - Lee's Rapid Deconstr  Erth           24%          1%          5
h - Iron Shot             Conj/Erth      18%          21%         6

Your spell library contained the following spells:

 Spells                   Type           Power        Failure   Level
 Shock                    Conj/Air       100%         1%          1
 Summon Small Mammal      Summ           100%         1%          1
 Call Imp                 Summ           34%          1%          2
 Call Canine Familiar     Summ           34%          1%          3
 Beastly Appendage        Tmut           26%          4%          1
 Wereblood                Tmut           13%          7%          2
 Summon Guardian Golem    Hex/Summ       21%          7%          3
 Spider Form              Tmut/Pois      5%           19%         3
 Confusing Touch          Hex            9%           22%         3
 Gell's Gravitas          Tloc           4%           22%         3
 Petrify                  Tmut/Erth      31%          9%          4
 Summon Ice Beast         Ice/Summ       21%          22%         4
 Yara's Violent Unravell  Hex/Tmut       5%           38%         5
 Ice Form                 Ice/Tmut       11%          52%         4
 Freezing Cloud           Conj/Ice/Air   11%          58%         6
 Blade Hands              Tmut           6%           78%         5
 Metabolic Englaciation   Hex/Ice        4%           91%         5
 Ozocubu's Refrigeration  Ice            4%           94%         6
 Simulacrum               Ice/Necr       4%           100%        6


Dungeon Overview and Level Annotations

Branches:
Dungeon (9/15)             Temple (0/1) D:7            Lair (3/6) D:9
 Bailey (visited)           IceCv (1/1)
  Swamp: Lair:2-4    Shoals: Lair:2-4     Snake: Lair:2-4    Spider: Lair:2-4
    Orc: D:9-12

Altars:
Cheibriados
Elyvilon
Gozag
Makhleb
Nemelex Xobeh
Okawaru
Trog
Vehumet
Wu Jian
Xom

Shops:
D:7 [

Annotations:
D:4 2 runed translucent doors, FromWork's ghost, novice OgBe
D:6 5 runed translucent doors
D:9 Erolcha


Innate Abilities, Weirdness & Mutations

You do not regenerate when monsters are visible.
You are frail without blood (-20% HP).
You can heal yourself when you bite living creatures.
You are immune to poison.
You have razor-sharp teeth.
You have supernaturally acute eyesight. (SInv)
You can survive without breathing.


Message History

Confirm with . or Enter, or press ? or * to list all spells.
Aiming: Sandblast (safe; 1% risk of failure)
Press: ? - help, Shift-Dir - straight line, f - alligator simulacrum
Aim: an alligator simulacrum (4% to evade)
The blast of sand misses the alligator simulacrum.
The alligator simulacrum bites you. The alligator simulacrum freezes you!
You resist. The alligator simulacrum misses you.
Casting: Sandblast (safe; 1% risk of failure)
Confirm with . or Enter, or press ? or * to list all spells.
Aiming: Sandblast (safe; 1% risk of failure)
Press: ? - help, Shift-Dir - straight line, f/p - alligator simulacrum
Aim: an alligator simulacrum (4% to evade)
The blast of sand hits the alligator simulacrum.
The alligator simulacrum is lightly damaged.
The alligator simulacrum bites you!
* * * LOW HITPOINT WARNING * * *
The alligator simulacrum freezes you! You resist.
* * * LOW HITPOINT WARNING * * *
The alligator simulacrum tail-slaps you.
You die...

#### ##..##
###....##
..##.......#
......°@.∩.#
#.....Z....#
##..##....##
## ##..##
####


You could see an alligator simulacrum.

Vanquished Creatures
  3 hydras
  A two-headed ogre (D:8)
  2 orc knights (Bailey)
  An elephant (Lair:2)
  3 black mambas
  2 cane toads
  A rime drake (Lair:1)
  Maggie (D:6)
  2 komodo dragons (Lair:1)
  Grinder (D:4)
  Sigmund (D:5)
  7 yaks
  A steam dragon (D:8)
  A basilisk (Lair:1)
  Edmund (D:4)
  Duvessa (D:6)
  6 water moccasins
  A sky beast (D:8)
  6 orc warriors
  3 black bears
  A necrophage (D:5)
  9 ice beasts
  An ogre (D:4)
  13 wolves
  4 centaurs
  2 phantoms
  A big kobold (D:7)
  11 bullfrogs
  Dowan (D:6)
  2 water moccasin skeletons
  A scorpion (D:5)
  An elephant simulacrum (IceCv)
  5 killer bees (D:8)
  4 howler monkeys
  4 wights (D:8)
  4 jellies
  3 bullfrog zombies
  A bullfrog skeleton (D:4)
  3 hounds
  5 orc priests
  An orc wizard (D:8)
  2 iguanas (D:7)
  5 worker ants
  A polar bear simulacrum (IceCv)
  A wolf simulacrum (IceCv)
  A hound zombie (D:7)
  Robin (D:2)
  4 gnolls (D:2)
  6 adders
  A shadow imp (D:7)
  3 white imps
  An ufetubus (D:5)
  2 oozes
  An adder zombie (D:5)
  An adder skeleton (D:5)
  4 worms
  A dart slug (D:2)
  5 leopard geckos
  38 orcs
  A bat skeleton (D:2)
  6 giant cockroaches
  13 hobgoblins
  12 jackals
  3 ball pythons
  8 bats
  3 frilled lizards
  18 goblins
  2 jackal zombies
  13 kobolds
  3 leopard gecko skeletons
  A quokka skeleton (D:4)
  11 rats
294 creatures vanquished.

Vanquished Creatures (collateral kills)
  A hydra (Lair:2)
  3 elephants (Lair:2)
  2 komodo dragons
  3 yaks (Lair:1)
  A basilisk (Lair:2)
  5 water moccasins (Lair:2)
  An ice beast (Lair:3)
  12 wolves
28 creatures vanquished.

Vanquished Creatures (others)
  An orc (D:8)
  7 fungi
  10 plants
  A withered plant (D:2)
19 creatures vanquished.

Grand Total: 341 creatures vanquished

Notes
Turn   | Place    | Note
-------+----------+-------------------------------------------
     0 | D:1      | garbled the Vampire Earth Elementalist began the quest for
                  | the Orb.
     0 | D:1      | Reached XP level 1. HP: 13/13 MP: 3/3
   211 | D:1      | Reached XP level 2. HP: 8/20 MP: 3/5
   552 | D:1      | Learned a level 2 spell: Passwall
   735 | D:1      | Reached XP level 3. HP: 25/25 MP: 6/6
  1246 | D:2      | Found a radiant altar of Vehumet.
  1342 | D:2      | Reached skill level 1 in Fighting
  1342 | D:2      | Reached skill level 1 in Short Blades
  1342 | D:2      | Reached XP level 4. HP: 10/25 MP: 1/8
  1349 | D:2      | Became a worshipper of Vehumet
  1584 | D:2      | Reached XP level 5. HP: 10/29 MP: 0/9
  2125 | D:2      | Reached * piety under Vehumet
  2125 | D:2      | Offered knowledge of Magic Dart by Vehumet.
  2128 | D:2      | Learned a level 1 spell: Magic Dart
  2136 | D:2      | Learned a level 3 spell: Stone Arrow
  2452 | D:2      | Noticed Robin
  2978 | D:2      | Killed Robin
  3072 | D:2      | Found a radiant altar of Vehumet.
  3102 | D:2      | Found a radiant altar of Vehumet.
  3610 | D:3      | Offered knowledge of Shock by Vehumet.
  3613 | D:3      | Learned a level 1 spell: Shock
  3951 | D:3      | HP: 1/29 [orc priest/divine providence (13)]
  3952 | D:3      | Reached ** piety under Vehumet
  4124 | D:2      | Reached XP level 6. HP: 35/39 MP: 4/11
  4192 | D:3      | Reached skill level 1 in Conjurations
  4778 | D:4      | Noticed Grinder
  5041 | D:4      | Offered knowledge of Frozen Ramparts by Vehumet.
  5046 | D:4      | Learned a level 3 spell: Frozen Ramparts
  5051 | D:4      | Reached XP level 7. HP: 39/45 MP: 10/12
  5178 | D:4      | Found a runed translucent door.
  5182 | D:4      | Noticed FromWork's ghost (novice OgBe)
  5213 | D:4      | Found an iron altar of Okawaru.
  5410 | D:4      | Found a runed translucent door.
  5443 | D:4      | Noticed Edmund
  5469 | D:4      | Killed Edmund
  5881 | D:4      | Killed Grinder
  5882 | D:4      | Reached XP level 8. HP: 33/58 MP: 5/15
  5889 | D:4      | Learned a level 5 spell: Lee's Rapid Deconstruction
  6016 | D:4      | Found an opulent altar of Gozag.
  6131 | D:5      | Entered Level 5 of the Dungeon
  6159 | D:5      | Reached *** piety under Vehumet
  6303 | D:5      | Reached skill level 5 in Dodging
  6337 | D:5      | Reached skill level 5 in Spellcasting
  6647 | D:5      | Found an ornate altar of the Wu Jian Council.
  6701 | D:5      | Noticed Sigmund
  6703 | D:5      | Killed Sigmund
  6704 | D:5      | Reached skill level 5 in Earth Magic
  7212 | D:5      | Offered knowledge of Fulminant Prism by Vehumet.
  7634 | D:6      | Found the +9 staff of Olgreb {rPois∞}
  7636 | D:6      | Found a runed translucent door.
  7650 | D:6      | Found a runed translucent door.
  7655 | D:6      | Found a runed translucent gate.
  7655 | D:6      | Found a runed translucent gate.
  7666 | D:6      | Found a runed translucent gate.
  7904 | D:6      | Noticed Duvessa
  7908 | D:6      | Noticed Dowan
  7918 | D:6      | Killed Duvessa
  7942 | D:6      | Reached XP level 9. HP: 18/52 MP: 11/17
  7944 | D:6      | Killed Dowan
  8125 | D:6      | Found a bloodstained altar of Trog.
  8417 | D:6      | Noticed Maggie
  8423 | D:6      | Killed Maggie
  8907 | D:7      | Found Buroguco's Antique Armour Boutique.
  8920 | D:7      | Bought a pair of embroidered boots for 180 gold pieces
  9181 | D:7      | Found a staircase to the Ecumenical Temple.
  9237 | D:7      | Reached skill level 5 in Fighting
  9278 | D:7      | Found a flagged portal.
  9291 | Bailey   | Entered a bailey
  9722 | Bailey   | Noticed an orc knight
  9722 | Bailey   | Noticed an orc knight
 10148 | Bailey   | Killed an orc knight
 10189 | Bailey   | Identified the cursed +1 ice dragon scales of the Weaver
                  | {rF- rC++ rN++ Dex+5}
 10261 | Bailey   | Reached **** piety under Vehumet
 10392 | Bailey   | Killed an orc knight
 10393 | Bailey   | Reached XP level 10. HP: 60/60 MP: 2/19
 11132 | D:8      | Found a sparkling altar of Nemelex Xobeh.
 11339 | D:8      | Offered knowledge of Bolt of Magma by Vehumet.
 11650 | D:8      | Got a glimmering trident
 11651 | D:8      | Identified the +7 trident "Qufih" {vorpal, rElec Str+3}
                  | (You found it on level 8 of the Dungeon)
 12020 | D:8      | Found a snail-covered altar of Cheibriados.
 12020 | D:8      | Found a white marble altar of Elyvilon.
 12051 | D:8      | Found a burning altar of Makhleb.
 12051 | D:8      | Noticed an Executioner
 12272 | D:8      | Noticed a two-headed ogre
 12276 | D:8      | Killed a two-headed ogre
 12797 | D:9      | Noticed Erolcha
 13192 | D:9      | Learned a level 4 spell: Summon Lightning Spire
 13219 | D:9      | Found a staircase to the Lair.
 13258 | Lair:1   | Entered Level 1 of the Lair of Beasts
 13258 | Lair:1   | Found a shimmering altar of Xom.
 13258 | Lair:1   | Noticed an eight-headed hydra
 13263 | Lair:1   | Noticed a cane toad
 13267 | Lair:1   | Killed an eight-headed hydra
 13284 | D:9      | Reached XP level 11. HP: 22/66 MP: 16/22
 14288 | Lair:1   | Noticed a six-headed hydra
 14297 | Lair:1   | Killed a six-headed hydra
 14804 | Lair:2   | Reached skill level 5 in Summonings
 14804 | Lair:2   | Reached skill level 5 in Air Magic
 14807 | Lair:2   | Reached ***** piety under Vehumet
 14972 | Lair:2   | Noticed a six-headed hydra
 14980 | Lair:2   | Killed a six-headed hydra
 15090 | Lair:2   | Offered knowledge of Iron Shot by Vehumet.
 15375 | Lair:2   | Noticed a six-headed hydra
 15561 | Lair:2   | Killed a six-headed hydra
 15562 | Lair:2   | Reached XP level 12. HP: 72/72 MP: 5/24
 15757 | Lair:2   | Learned a level 6 spell: Iron Shot
 16351 | Lair:3   | Found a frozen archway.
 16481 | IceCv    | Entered an ice cave
 16492 | IceCv    | HP: 2/73 [alligator simulacrum (11)]
 16492 | IceCv    | Slain by an alligator simulacrum

Illustrated notes

Levels and vault maps discovered:
D:1:      dpeg_arrival_pond, layout_basic
D:2:      layout_basic, old_standard_altar, serial_undead, serial_undead_e,
          serial_undead_b, serial_undead_b, serial_undead_e, uniq_robin
D:3:      layout_rooms, minmay_quantized
D:4:      layout_cave_pods, nicolae_overflow_crystal_walls,
          nicolae_gozag_seed_capital, ebering_ghost_sewer_f, st_stairs_5,
          uniq_grinder, uniq_edmund
D:5:      layout_gridville, nzn_wu_jian_council_hall, minmay_misc_feat_alley,
          uniq_sigmund
D:6:      layout_gridville, bloody_trog, minmay_misc_feat_plants,
          minmay_guarded_unrand_staff_of_olgreb, uniq_duvessa, uniq_maggie
D:7:      layout_loops_ring, temple_hall, serial_shops, nicolae_shop_waterfront,
          enter_bailey_2
D:8:      layout_layer_cave, lemuel_crystal_altar,
          chequers_temple_overflow_statue_of_worship, st_stairs_13, minivault_1,
          makhleb_altar_promises_db
D:9:      layout_irregular_city, lemuel_crystal_altar,
          grunt_lair_entry_orc_guard_hut, uniq_harold, uniq_erolcha
Lair:1:   layout_chaotic_city, basic_altar
Lair:2:   layout_hall_layers, beast_lair_carwin_10
Lair:3:   layout_small_grid, portal_ice_cave_entry_ice_beasts
IceCv:    ice_cave_small_necro

Skill      XL: |  1  2  3  4  5  6  7  8  9 10 11 12 |
---------------+-------------------------------------+-----
Fighting       | 1 2 3 4 5 6 7 |  7.8
Short Blades   | 1 |  1.6
Spellcasting   | 3 4 5 6 7 8 |  8.6
Earth Magic    | 4 6 8 9 |  9.4
Stealth        | 4 |  4.2
Dodging        | 3 4 5 7 8 9 |  9.6
Conjurations   | 2 3 |  3.5
Summonings     | 2 5 6 |  6.0
Air Magic      | 2 5 6 |  6.0
Transmutations | |  1.1

Action                   |  1- 3 |  4- 6 |  7- 9 | 10-12 || total
-------------------------+-------+-------+-------+-------++-------
Melee: Short sword       |    65 |    96 |       |       ||   161
       Bite              |     5 |     8 |     6 |    16 ||    35
       Dagger            |       |    32 |   104 |   144 ||   280
 Cast: Sandblast         |    27 |    60 |    45 |    24 ||   156
       Magic Dart        |       |    89 |    33 |    11 ||   133
       Shock             |       |     9 |       |       ||     9
       Stone Arrow       |       |       |    97 |   136 ||   233
       Lee's Rapid Decon |       |       |     9 |    27 ||    36
       Frozen Ramparts   |       |       |       |     3 ||     3
       Summon Lightning  |       |       |       |    21 ||    21
 Abil: Exsanguinate      |     1 |       |     1 |       ||     2
       Revivify          |       |     1 |       |       ||     1
Evoke: Wand              |       |       |       |     5 ||     5
  Use: Scroll            |       |       |    12 |     6 ||    18
 Stab: Sleeping          |     9 |     5 |     4 |     1 ||    19
       Distracted        |       |       |     1 |     1 ||     2
       Paralysed         |       |       |       |     2 ||     2
Armor: Robe              |     6 |    36 |    15 |       ||    57
       Steam dragon scal |       |       |    13 |    84 ||    97
Dodge: Dodged            |    48 |   119 |    80 |   226 ||   473
